[Event "Cairns Cup 2024"]
[Site "Saint Louis"]
[Date "2024.06.17"]
[Round "5.1"]
[White "Lee, Alice"]
[Black "Dzagnidze, Nana"]
[Result "1/2-1/2"]
[ECO "E04"]
[WhiteElo "2368"]
[BlackElo "2506"]
[Annotator "TA"]
[PlyCount "174"]
[EventDate "2024.06.13"]
[EventType "tourn"]
[EventCountry "USA"]
[SourceTitle "playchess.com"]
[Source "ChessBase"]
[SourceQuality "1"]
[TimeControl "40/5400+30:1800+30"]

1. d4 Nf6 2. c4 e6 3. Nf3 d5 4. g3 dxc4 5. Bg2 c6 6. Ne5 Bb4+ 7. Bd2 Be7 8. e3 O-O 9. Nxc4 b6 10. O-O Bb7 11. Qb3 ({White should play} 11. b4 $14) 11... Qc8 $15 12. e4 c5 13. dxc5 Nxe4 14. cxb6 Nc5 $1 15. Qe3 Bxg2 16. Kxg2 axb6 17. Qf3 Nbd7 18. Bf4 (18. Nba3 $15) 18... b5 $19 19. Ne5 Bf6 (19... Nxe5 $19 20. Bxe5 Rd8) 20. Nxd7 $1 $15 Qxd7 21. Nc3 Nd3 22. Rad1 Nxf4+ 23. gxf4 Qe7 24. Nxb5 Rxa2 25. b3 g6 26. Nd6 {[%emt 0:06:11] Wards off Rc8} Rb8 27. Rd3 Bh4 28. Nc4 h5 29. Ne5 Rb7 $1 30. Nc6 Qc5 31. Rc3 Qb6 32. Ne5 {[%emt 0:02:56] Repels Rd7} Kg7 33. Nc4 Qb4 34. Rd3 Rc7 35. Qe4 {[%emt 0:01:55] Qe5+ would now be deadly.} Qe7 36. Qe5+ Bf6 37. Qd6 Rb7 38. Qc6 Rc2 ({Black should try} 38... Bh4 $17 39. Qe4 Rc7) 39. Rfd1 Rc7 40. Qd6 Qxd6 41. Nxd6 Kf8 {[%emt 0:30:15] Dodges Ne8} 42. R1d2 Rc1 43. Nc4 Rb7 44. Ra2 Be7 45. Re2 Rb1 46. Rb2 Re1 47. Ra2 Rb1 48. Rb2 $1 Ra1 49. Rc2 Kg7 50. Rcd2 Kf6 51. Rd7 Raa7 (51... Rxb3 52. Rc7 Rb5 53. Rdd7 $18) 52. Rxb7 Rxb7 {[%emt 0:00:04][%mdl 4096] Endgame. KRB-KRN} 53. Rd3 Bc5 54. Kf3 g5 55. fxg5+ Kxg5 56. Kg3 f6 57. Nd2 Rb4 {[%emt 0:00:12] Against Ne4+} 58. Nc4 e5 59. f4+ exf4+ 60. Kf3 Bg1 61. Kg2 (61. h3 $15) 61... Ba7 $17 62. Kf3 Bb8 $1 63. Nd2 Be5 64. Rd8 Rb7 65. Rg8+ Kf5 66. Rh8 (66. Rd8 $17) 66... Rd7 $1 $19 67. Ke2 Bc3 $1 68. Nc4 Kg4 {[%emt 0:01:47] Strongly threatening ...f3+.} 69. h3+ $2 (69. Rg8+ Kh3 70. Kf3) 69... Kg3 {[%emt 0:00:22] White must now prevent ...f3+.} (69... Kxh3 70. Kf3 h4 71. Kxf4 $19) 70. Rg8+ Kxh3 71. Kf3 Be5 72. Ke2 {[%emt 0:00:58] Dodges Rd3} h4 73. Nd2 Bd4 {[%emt 0:00:06] aiming for ...Re7+.} 74. Nf3 Re7+ 75. Kf1 Ba7 76. Rg6 Rb7 77. Rxf6 (77. Ng1+ {was the only chance.} Bxg1 78. Kxg1) 77... Rxb3 ({Less strong is} 77... Kg3 78. Nxh4 Rxb3 (78... Kxh4 79. Rxf4+ Kg3 80. Rf8 $17) 79. Ke2 $17) (77... Be3 $142 78. Rg6 Rxb3) 78. Rxf4 $2 (78. Nxh4 $19 Bb8 (78... Kxh4 79. Rxf4+ Kg5 80. Ra4 $15) 79. Nf5) 78... Kg3 $1 79. Nd2 Kxf4 80. Nxb3 {[%emt 0:00:02] KB-KN} h3 81. Nd2 Bd4 82. Nc4 {[%emt 0:00:31] [#]} Kg3 $2 (82... Bc5 $1 83. Nd6 Be3 (83... Bxd6 $2 84. Kg1 $19) 84. Nf7 Kg4 85. Ne5+ Kg3 86. Ke2 h2 87. Kxe3 h1=Q (87... h1=R 88. Nf3 $11) 88. Kd4 Kf4 89. Nd3+ Kf5 90. Nc5 Qc6 91. Nd3 Qe4+ 92. Kc3 Qd5 93. Nc1 Qc6+ 94. Kd2 Ke4 95. Ne2 Qd5+ 96. Kc3 Qd3+ 97. Kb4 Qxe2 98. Kc5 Qa6 99. Kb4 Qc6 100. Ka5 Kd3 101. Kb4 Qb6+ 102. Ka4 Kc4 103. Ka3 Qb3#) 83. Nd6 $2 {[%emt 0:00:19][%mdl 8192] [#]} (83. Nd2 $11) 83... Kf3 $1 84. Nf5 Bf2 $2 (84... Bb6 {mates} 85. Nh4+ Kf4 86. Ng6+ Kg3 87. Ne7 h2 88. Nf5+ Kh3 89. Ne7 h1=Q+ (89... h1=B $2 90. Nf5 $19) 90. Ke2 Qe4+ 91. Kd2 Qxe7 92. Kc3 Qe4 93. Kb3 Qd3+ 94. Kb4 Kg3 95. Ka4 Qb1 96. Ka3 Bc5+ 97. Ka4 Qb4#) 85. Nh4+ $1 $11 {[%emt 0:00:04] The position is equal.} Bxh4 86. Kg1 Kg3 87. Kh1 h2 {[%emt 0:00:04] Weighted Error Value: White=0.11 (very precise) /Black=0.10 (very precise) .  Mistake:       	White=7     	Black=3      Inaccurate:     	White=6     	Black=2      OK:         	White=23    	Black=34     Best:        	White=7     	Black=4      Strong:       	White=2     	Black=5} 1/2-1/2

[Event "Cairns Cup 2024"]
[Site "Saint Louis"]
[Date "2024.06.17"]
[Round "5.2"]
[White "Krush, Irina"]
[Black "Kosteniuk, Alexandra"]
[Result "1/2-1/2"]
[ECO "E49"]
[WhiteElo "2415"]
[BlackElo "2501"]
[Annotator "TA"]
[PlyCount "96"]
[EventDate "2024.06.13"]
[EventType "tourn"]
[EventCountry "USA"]
[SourceTitle "playchess.com"]
[Source "ChessBase"]
[SourceQuality "1"]
[TimeControl "40/5400+30:1800+30"]

1. d4 Nf6 2. c4 e6 3. Nc3 Bb4 4. e3 O-O 5. Bd3 d5 6. a3 Bxc3+ 7. bxc3 dxc4 8. Bxc4 c5 9. Ne2 Qc7 10. Ba2 b6 11. Bb2 Ba6 12. c4 cxd4 13. Nxd4 Nc6 14. Nb5 Qe7 15. O-O Rac8 16. Qe2 Bb7 17. a4 {[%emt 0:03:48] Hoping for Ba3.} Ne4 18. Qg4 f5 19. Qe2 Nc5 20. Bb1 Rfd8 21. Bc2 {[%emt 0:01:35] Repels Nb3} Nb4 {[%emt 0:05:57] Excellent horsemanship.} 22. f3 Nxc2 23. Qxc2 a6 24. Nd4 Nd7 25. Qb3 Qf7 26. Rfd1 e5 27. Ne2 Rxc4 {[%emt 0:09:15] [#]} (27... Qxc4 $6 28. Qxc4+ Rxc4 29. Bxe5 $16) (27... Qg6 $11 {remains equal.} 28. Ng3 Nc5 29. Rxd8+ Rxd8) 28. Qxb6 $1 $16 Rb8 29. Qd6 Bc6 ({Avoid the trap} 29... Bxf3 $2 30. Qxb8+ Nxb8 31. Rd8+ $18 (31. gxf3 $2 Qh5 $19) (31. gxf3 $2 Qh5 $19)) 30. Bxe5 Rc8 31. Bf4 Bxa4 32. Rd2 (32. Rxa4 Rxa4 33. Qxd7 Qxd7 34. Rxd7 Ra2 $15) 32... Bb5 33. Nd4 $36 {[%emt 0:00:17][%mdl 2048] Strongly threatening Nxb5. White is in control.} Rc1+ 34. Rxc1 Rxc1+ 35. Kf2 {[%emt 0:00:06] And now Nxb5 would win.} Nf8 36. Nxb5 axb5 37. Qb8 {[%emt 0:00:14][%cal Of4d6] Bd6! would now be deadly.} Qc4 $2 (37... Qf6 $16 {was necessary.}) 38. Rd8 $18 {[%emt 0:06:01][%csl Gb8][%cal Rd8f8] Active counter play!} Rc2+ 39. Kg3 Qf7 40. h4 h6 41. Kh3 {[%emt 0:31:13][%cal Of4d6] Threatening mate with Bd6!} (41. Qxb5 $2 {perishes.} Qg6+ $19) 41... Rc1 {[%emt 0:30:04][%cal Og7g5] [#]} 42. Bd6 $2 (42. Qxb5 Rh1+ 43. Kg3 (43. Bh2 $2 Rxh2+ 44. Kxh2 Qc7+ 45. Kh3 Qxd8 $17) 43... Qf6 44. Rxf8+ Kxf8 $19) ({Only move:} 42. Qd6 $1 $18) 42... Rh1+ $11 {[%emt 0:00:10] The position is equal.} 43. Kg3 f4+ $1 44. exf4 Qg6+ 45. Kf2 Qc2+ 46. Kg3 Qg6+ 47. Kf2 Qc2+ 48. Kg3 Qg6+ {[%emt 0:00:10] White really could win this.   Weighted Error Value: White=0.13 (very precise) /Black=0.12 (very precise) .  Loses game:     	---       	Black=1      Missed win:     	White=1     	---        Mistake:       	---       	Black=1      Inaccurate:     	White=1     	---        OK:         	White=18    	Black=17     Best:        	White=5     	Black=5      Strong:       	---       	Black=1      Brilliant:      	White=1     	---} 1/2-1/2

[Event "Cairns Cup 2024"]
[Site "Saint Louis"]
[Date "2024.06.17"]
[Round "5.3"]
[White "Muzychuk, Anna"]
[Black "Tan, Zhongyi"]
[Result "1/2-1/2"]
[ECO "B12"]
[WhiteElo "2505"]
[BlackElo "2540"]
[Annotator "TA"]
[PlyCount "86"]
[EventDate "2024.06.13"]
[EventType "tourn"]
[EventCountry "USA"]
[SourceTitle "playchess.com"]
[Source "ChessBase"]
[SourceQuality "1"]
[TimeControl "40/5400+30:1800+30"]

1. e4 c6 2. d4 d5 3. e5 Bf5 4. c4 e6 5. Nc3 Ne7 6. a3 Nd7 7. cxd5 Nxd5 8. Nxd5 cxd5 9. Bd3 Bxd3 10. Qxd3 Rc8 11. Ne2 Qa5+ 12. Bd2 Qa6 13. Qxa6 bxa6 14. Rc1 Rxc1+ 15. Nxc1 f6 16. Nd3 fxe5 17. dxe5 Nb6 18. Bb4 Nc4 19. Ke2 Kd7 (19... Kf7 $142) 20. b3 Nxa3 21. Bxa3 Bxa3 $16 {[%emt 0:00:00][%mdl 4096] Endgame. KRB-KRN} 22. Ra1 Be7 23. Rxa6 Rb8 24. Rxa7+ Ke8 {[%emt 0:00:00] [#]} 25. b4 $1 g5 26. f3 h5 27. Ra2 {[%emt 0:05:33] White is more active.} Kd7 (27... Bxb4 $2 {too greedy.} 28. Rb2 $18) 28. g3 Rb6 (28... Bxb4 $2 {is the wrong capture.} 29. Rb2 Bd6 30. exd6 $18) 29. Ra8 Bxb4 30. Rh8 Be7 31. Rxh5 Ra6 {[%emt 0:00:07] [#]} 32. Rh7 (32. f4 $1 $16 Ra2+ 33. Ke3 gxf4+ 34. gxf4 (34. Kxf4 Ra3 $11)) 32... Ra2+ $11 33. Ke3 {[%emt 0:00:02] Hoping for Nc5+.} Ke8 34. f4 Ra3 35. h4 gxf4+ {[%emt 0:00:42] The position is equal.} 36. gxf4 Bc5+ 37. Kd2 Ra2+ 38. Kc3 Be3 39. h5 Ra3+ 40. Kc2 Ra2+ 41. Kc3 Ra3+ 42. Kc2 Ra2+ 43. Kc3 Ra3+ {[%emt 0:00:13] Weighted Error Value: White=0.05 (flawless) /Black=0.06 (flawless) .  Mistake:       	White=1     	Black=1      Inaccurate:     	White=1     	Black=2      OK:         	White=14    	Black=16     Best:        	White=5     	Black=4} 1/2-1/2

[Event "Cairns Cup 2024"]
[Site "Saint Louis"]
[Date "2024.06.17"]
[Round "5.4"]
[White "Muzychuk, Mariya"]
[Black "Dronavalli, Harika"]
[Result "1/2-1/2"]
[ECO "C54"]
[WhiteElo "2510"]
[BlackElo "2489"]
[Annotator "TA"]
[PlyCount "99"]
[EventDate "2024.06.13"]
[EventType "tourn"]
[EventCountry "USA"]
[SourceTitle "playchess.com"]
[Source "ChessBase"]
[SourceQuality "1"]
[TimeControl "40/5400+30:1800+30"]

1. e4 e5 2. Nf3 Nc6 3. Bc4 Bc5 4. O-O Nf6 5. d3 d6 6. c3 a6 7. a4 h6 8. Re1 {[%emt 0:00:00] C54: Giuoco Piano: 4 c3 Nf6, main lines with 5 d4 and 5 d3.} O-O 9. h3 $1 {[%emt 0:00:00] The main line 9.h3 scores better than 9.Nbd2.} Ba7 10. Nbd2 Ne7 11. Nf1 Ng6 12. Ng3 c6 13. Bb3 d5 14. exd5 Nxd5 15. d4 ({Much worse is} 15. Nxe5 Nxe5 16. Rxe5 Bxf2+ 17. Kxf2 Qf6+ 18. Qf3 Qxe5 $17) 15... exd4 16. Nxd4 Be6 17. Bc2 Bd7 18. Be4 $146 (18. Qd3 {seems wilder.} Qc7 19. Nh5 Rae8 20. Bd2) ({Predecessor:} 18. Bb3 Qa5 19. Bxd5 Qxd5 20. Ndf5 Qxd1 21. Rxd1 Bxf5 22. Nxf5 Rfd8 23. Be3 Bxe3 24. Nxe3 {½-½ Grischuk,A (2778)-Korobov,A (2683) FIDE World Cup 2021 (4.2)}) 18... Nf6 19. Bf5 Bxd4 20. Qxd4 Bxf5 21. Nxf5 Qxd4 22. Nxd4 Rfd8 23. Nb3 Nd5 24. a5 Nf8 25. Nc5 Ne6 (25... Re8 $14 26. Bd2 Rxe1+ 27. Bxe1 Ne6 28. Nxe6 (28. Nxb7 Rb8 $11) 28... fxe6) 26. Nxe6 $16 fxe6 27. Rxe6 Kf7 28. Re1 Rd7 29. Ra4 Rad8 30. Rd4 Nc7 31. Rf4+ Kg8 32. Rfe4 Nd5 33. Kf1 Nf6 34. Rb4 Rf7 35. c4 Rd4 36. Be3 Rh4 {[%emt 0:00:26] [#]} 37. b3 ({Better is} 37. Ra4 $1) 37... Nd5 $16 38. Ra4 (38. cxd5 $2 {loses.} Rxb4 39. Bc5 Rxb3 40. dxc6 bxc6 41. Re8+ Kh7 $19) 38... Nxe3+ 39. Rxe3 Rd4 40. Ke2 Rfd7 41. Ra2 Kf7 42. Rc2 Rd1 43. c5 (43. Rb2 $14) 43... Ra1 $11 44. b4 Rd4 45. Rd2 Rxb4 46. Rd7+ Kf6 47. Rd6+ Kf7 48. Rd7+ Kf6 49. Rd6+ Kf7 50. Rd7+ 1/2-1/2

[Event "Cairns Cup 2024"]
[Site "Saint Louis"]
[Date "2024.06.17"]
[Round "5.5"]
[White "Zatonskih, Anna"]
[Black "Paehtz, Elisabeth"]
[Result "1/2-1/2"]
[ECO "E11"]
[WhiteElo "2327"]
[BlackElo "2457"]
[Annotator "TA"]
[PlyCount "71"]
[EventDate "2024.06.13"]
[EventType "tourn"]
[EventCountry "USA"]
[SourceTitle "playchess.com"]
[Source "ChessBase"]
[SourceQuality "1"]
[TimeControl "40/5400+30:1800+30"]

1. d4 Nf6 2. Nf3 e6 3. c4 Bb4+ 4. Bd2 a5 5. e3 d6 6. Bd3 Nc6 7. O-O e5 {[%emt 0:00:00] [#] Strongly threatening ...e4.} 8. Bxb4 {[%emt 0:04:01] The position is equal.} axb4 9. Nbd2 O-O 10. Qc2 Qe7 11. d5 Nb8 12. Bf5 (12. e4 $11) 12... c6 13. dxc6 Nxc6 14. Bxc8 Rfxc8 15. b3 (15. Ng5 $11) 15... g6 ({Black should try} 15... d5 $17) 16. Ne4 $11 Ne8 17. Rfd1 f5 18. Ng3 Rd8 19. Qb2 Nc7 20. a3 e4 21. Nd4 Nxd4 22. Rxd4 Ne6 {[%emt 0:07:31] [#] ...bxa3 is the strong threat.} 23. Rdd1 bxa3 24. Rxa3 Rxa3 25. Qxa3 Nc5 26. Ne2 Nd3 27. Qa5 Rc8 28. Qd5+ Kg7 29. Nf4 Nxf4 30. exf4 $14 {[%emt 0:00:01][%mdl 4096] Endgame. KQR-KQR} Rc6 31. h3 {[%emt 0:00:49] White is more active.} Kh6 32. Qd4 Qg7 33. Qe3 Qe7 34. Qd4 Qg7 $1 35. Qe3 Qe7 $1 36. Qd4 {[%emt 0:02:34] Weighted Error Value: White=0.16 (very precise) /Black=0.10 (very precise) .  Mistake:       	White=3     	Black=1      Inaccurate:     	White=1     	Black=3      OK:         	White=15    	Black=10     Strong:       	---       	Black=2} (36. f3 $16) 1/2-1/2